| TOP OF THE 1ST |
|
Cleveland (APP) Indians batting - Pitching for Detroit (APP) Tigers : LHP Jim Belcher
|
|
Pitching: LHP Jim Belcher
|
|
|
Batting: RHB John Clark
|
0-0: Called Strike 0-1: Called Strike 0-2: Foul Ball, location: 2F 0-2: Ball 1-2: Ball 2-2: Strikes out swinging
|
|
Batting: RHB Carlos Manriquez
|
0-0: Called Strike 0-1: Swinging Strike 0-2: Ball 1-2: Ball 2-2: Foul Ball, location: 2F 2-2: SINGLE (Groundball, 56, EV 95.6 MPH)
|
|
Batting: RHB Juan Gallardo
|
0-0: Ball 1-0: Called Strike 1-1: Swinging Strike 1-2: Ball 2-2: Fielders Choice at 2nd, 4-6 (Groundball, 34, EV 108.1 MPH)
|
|
Batting: RHB Luis Roman
|
0-0: Foul Ball, location: 2F 0-1: Ball 1-1: Foul Ball, location: 2F 1-2: Strikes out swinging
|
| Top of the 1st over - 0 runs, 1 hit, 0 errors, 1 left on base; Cleveland (APP) 0 - Detroit (APP) 0 |
| BOTTOM OF THE 1ST |
|
Detroit (APP) Tigers batting - Pitching for Cleveland (APP) Indians : RHP Ken Shear
|
|
Pitching: RHP Ken Shear
|
|
|
Batting: RHB Jon Goldstein
|
0-0: Called Strike 0-1: SOLO HOME RUN (Line Drive, 9D, EV 97.5 MPH), Distance : 376 ft
|
|
Batting: RHB Brandon O'Malley
|
0-0: Called Strike 0-1: DOUBLE (Line Drive, 8RD, EV 90.6 MPH)
|
|
Batting: LHB Jon Pedlar
|
0-0: Ball 1-0: Called Strike 1-1: DOUBLE (Line Drive, 3D, EV 95.6 MPH) Brandon O'Malley scores
|
|
Batting: SHB Sean Foley
|
0-0: Fly out, F9 (Flyball, 9LS, EV 95.0 MPH)
|
|
Batting: LHB Tokugoro Adachi
|
0-0: Ball 1-0: Ball 2-0: Ball 3-0: Called Strike 3-1: Swinging Strike 3-2: Foul Ball, location: 2F 3-2: Strikes out swinging
|
|
Batting: RHB Jose Evangelista
|
0-0: Ball 1-0: Called Strike 1-1: Foul Ball, location: 2F 1-2: Foul Ball, location: 2F 1-2: Ball 2-2: SINGLE (Groundball, 4MD, EV 110.6 MPH) Jon Pedlar to third Runner from 3rd tries for Home, SAFE, throw by CF to home
|
|
Batting: RHB Billy Verdusco
|
0-0: Ball 1-0: Ball Passed Ball! Jose Evangelista to second 2-0: Foul Ball, location: 2F 2-1: Foul Ball, location: 2F 2-2: SINGLE (Groundball, 6M, EV 106.3 MPH) (infield hit) Jose Evangelista to third
|
|
Batting: RHB Willie Ochoa
|
0-0: Ball Wild Pitch! Jose Evangelista scores Billy Verdusco to second 1-0: Ball 2-0: Called Strike 2-1: Foul Ball, location: 2F 2-2: Ball Wild Pitch! Billy Verdusco to third 3-2: DOUBLE (Flyball, 8LD, EV 100.0 MPH) Billy Verdusco scores
|
|
Batting: RHB Cory Wilkins
|
0-0: Fly out, F9 (Flyball, 9, EV 80.6 MPH)
|
| Bottom of the 1st over - 5 runs, 6 hits, 0 errors, 1 left on base; Cleveland (APP) 0 - Detroit (APP) 5 |
| TOP OF THE 2ND |
|
Cleveland (APP) Indians batting - Pitching for Detroit (APP) Tigers : LHP Jim Belcher
|
|
Batting: LHB Kenji Yokoyama
|
0-0: Swinging Strike 0-1: Called Strike 0-2: Ball 1-2: Ball 2-2: Strikes out swinging
|
|
Batting: RHB Joe Shade
|
0-0: Ball 1-0: Called Strike 1-1: Foul Ball, location: 2F 1-2: Strikes out looking
|
|
Batting: LHB Heath Ryland
|
0-0: SINGLE (Groundball, 4MD, EV 106.9 MPH)
|
|
Batting: LHB Jose Esteban
|
0-0: Ball 1-0: Fly out, F7 (Line Drive, 7, EV 108.8 MPH)
|
| Top of the 2nd over - 0 runs, 1 hit, 0 errors, 1 left on base; Cleveland (APP) 0 - Detroit (APP) 5 |
| BOTTOM OF THE 2ND |
|
Detroit (APP) Tigers batting - Pitching for Cleveland (APP) Indians : RHP Ken Shear
|
|
Batting: RHB Jon Goldstein
|
0-0: Swinging Strike 0-1: Ball 1-1: Ball 2-1: Ball 3-1: Foul Ball, location: 2F 3-2: SINGLE (Groundball, 34S, EV 69.4 MPH) (infield hit)
|
|
Batting: RHB Brandon O'Malley
|
0-0: Ball 1-0: Swinging Strike Passed Ball! Jon Goldstein to second 1-1: Ground out 4-3 (Groundball, 4M, EV 85.6 MPH) Jon Goldstein to third
|
|
Batting: LHB Jon Pedlar
|
0-0: Fly out, F8 (Flyball, 8LXD, EV 103.1 MPH) Runner from 3rd tags up, SCORES, no throw by CF
|
|
Batting: SHB Sean Foley
|
0-0: Ball 1-0: Swinging Strike 1-1: Ball 2-1: SINGLE (Flyball, 8RS, EV 91.9 MPH)
|
|
Batting: LHB Tokugoro Adachi
|
0-0: Called Strike 0-1: Ball 1-1: Ball Sean Foley steals 2nd base 2-1: Swinging Strike Passed Ball! Sean Foley to third 2-2: Ball 3-2: Base on Balls
|
|
Batting: RHB Jose Evangelista
|
0-0: Ball 1-0: SINGLE (Groundball, 4M, EV 103.8 MPH) (infield hit) Sean Foley scores Tokugoro Adachi to second
|
|
Batting: RHB Billy Verdusco
|
0-0: Called Strike 0-1: Called Strike 0-2: Fly out, F4 (Popup, 4D, EV 66.3 MPH)
|
| Bottom of the 2nd over - 2 runs, 3 hits, 0 errors, 2 left on base; Cleveland (APP) 0 - Detroit (APP) 7 |
| TOP OF THE 3RD |
|
Cleveland (APP) Indians batting - Pitching for Detroit (APP) Tigers : LHP Jim Belcher
|
|
Batting: SHB Mike Shields
|
0-0: Called Strike 0-1: Foul Ball, location: 2F 0-2: Ball 1-2: Ball 2-2: Ground out 6-3 (Groundball, 6, EV 104.4 MPH)
|
|
Batting: RHB John Clark
|
0-0: Called Strike 0-1: Foul Ball, location: 2F 0-2: Ball 1-2: Strikes out swinging
|
|
Batting: RHB Carlos Manriquez
|
0-0: Ball 1-0: Ball 2-0: Ball 3-0: Called Strike 3-1: Base on Balls
|
|
Batting: RHB Juan Gallardo
|
0-0: Swinging Strike 0-1: Foul Ball, location: 2F 0-2: Ground out 4-3 (Groundball, 34, EV 86.9 MPH)
|
| Top of the 3rd over - 0 runs, 0 hits, 0 errors, 1 left on base; Cleveland (APP) 0 - Detroit (APP) 7 |
| BOTTOM OF THE 3RD |
|
Detroit (APP) Tigers batting - Pitching for Cleveland (APP) Indians : RHP Ken Shear
|
|
Batting: RHB Willie Ochoa
|
0-0: Ball 1-0: Ball 2-0: SOLO HOME RUN (Flyball, 7LD, EV 93.1 MPH), Distance : 342 ft
|
|
Pitching: RHP Gilbert Paparelli
|
|
|
Batting: RHB Cory Wilkins
|
0-0: Called Strike 0-1: Ball 1-1: SINGLE (Groundball, 56D, EV 103.8 MPH)
|
|
Batting: RHB Jon Goldstein
|
0-0: Ball Wild Pitch! Cory Wilkins to second 1-0: Ball Wild Pitch! Cory Wilkins to third 2-0: Ball Passed Ball! Cory Wilkins scores 3-0: Called Strike 3-1: Base on Balls
|
|
Batting: RHB Brandon O'Malley
|
0-0: Called Strike 0-1: Called Strike 0-2: Ball 1-2: SINGLE (Groundball, 25, EV 75.6 MPH) (infield hit) Jon Goldstein to second
|
|
Batting: LHB Jon Pedlar
|
0-0: Ball Passed Ball! Jon Goldstein to third Brandon O'Malley to second 1-0: Ball 2-0: Foul Ball, location: 2F 2-1: Ball 3-1: Swinging Strike 3-2: Base on Balls
|
|
Pitching: LHP Jordan Jimenez
|
|
|
Batting: SHB Sean Foley
|
0-0: Ball Passed Ball! Jon Goldstein scores Brandon O'Malley to third Jon Pedlar to second 1-0: Foul Ball, location: 2F 1-1: Ball 2-1: Ball Passed Ball! Brandon O'Malley scores Jon Pedlar to third 3-1: Base on Balls
|
|
Batting: LHB Tokugoro Adachi
|
0-0: Ball 1-0: Ball 2-0: Ball 3-0: Base on Balls Sean Foley to second
|
|
Batting: RHB Jose Evangelista
|
0-0: Ball 1-0: Called Strike 1-1: Ball 2-1: DOUBLE (Flyball, 78XD, EV 111.3 MPH) Jon Pedlar scores Sean Foley scores Tokugoro Adachi to third
|
|
Batting: RHB Billy Verdusco
|
0-0: Foul Ball, location: 2F 0-1: Ball 1-1: Foul Ball, location: 2F 1-2: Ball 2-2: Foul Ball, location: 2F 2-2: Foul Ball, location: 2F 2-2: Ball 3-2: Base on Balls
|
|
Batting: RHB Willie Ochoa
|
0-0: Foul Ball, location: 2F 0-1: Ball 1-1: Foul Ball, location: 2F 1-2: Ball 2-2: Ball Wild Pitch! Tokugoro Adachi scores Jose Evangelista to third Billy Verdusco to second 3-2: SINGLE (Line Drive, 8RM, EV 91.9 MPH) Jose Evangelista scores Billy Verdusco to third
|
|
Batting: RHB Cory Wilkins
|
0-0: Ball 1-0: Foul Ball, location: 2F 1-1: Called Strike 1-2: Grounds into double play, 4-6-3 (Groundball, 4, EV 81.3 MPH) Billy Verdusco scores
|
|
Batting: RHB Jon Goldstein
|
0-0: Called Strike 0-1: Ball 1-1: Ball 2-1: DOUBLE (Flyball, 78D, EV 110.0 MPH)
|
|
Batting: RHB Brandon O'Malley
|
0-0: Ball 1-0: Called Strike 1-1: Ball 2-1: Foul Ball, location: 2F 2-2: Ball 3-2: DOUBLE (Groundball, 5L, EV 93.8 MPH) Jon Goldstein scores
|
|
Batting: LHB Jon Pedlar
|
0-0: Ball Wild Pitch! Brandon O'Malley to third 1-0: Called Strike 1-1: Called Strike 1-2: Fly out, F8 (Flyball, 8LM, EV 98.8 MPH)
|
| Bottom of the 3rd over - 10 runs, 7 hits, 0 errors, 1 left on base; Cleveland (APP) 0 - Detroit (APP) 17 |
| TOP OF THE 4TH |
|
Cleveland (APP) Indians batting - Pitching for Detroit (APP) Tigers : LHP Jim Belcher
|
|
Batting: RHB Luis Roman
|
0-0: Ball 1-0: Foul Ball, location: 2F 1-1: Swinging Strike 1-2: Ground out U3 (Groundball, 34, EV 97.5 MPH)
|
|
Batting: LHB Kenji Yokoyama
|
0-0: Ball 1-0: Ball 2-0: Ground out 6-3 (Groundball, 6, EV 81.9 MPH)
|
|
Batting: RHB Joe Shade
|
0-0: Ball 1-0: Swinging Strike 1-1: Ground out U3 (Groundball, 34, EV 86.3 MPH)
|
| Top of the 4th over - 0 runs, 0 hits, 0 errors, 0 left on base; Cleveland (APP) 0 - Detroit (APP) 17 |
| BOTTOM OF THE 4TH |
|
Detroit (APP) Tigers batting - Pitching for Cleveland (APP) Indians : LHP Jordan Jimenez
|
|
Batting: SHB Sean Foley
|
0-0: Foul Ball, location: 2F 0-1: Foul Ball, location: 2F 0-2: Ball 1-2: Ball 2-2: Ball 3-2: SOLO HOME RUN (Line Drive, 78XD, EV 110.6 MPH), Distance : 414 ft
|
|
Batting: LHB Tokugoro Adachi
|
0-0: Ball 1-0: Ground out 5-3 (Groundball, 56, EV 103.8 MPH)
|
|
Batting: RHB Jose Evangelista
|
0-0: SINGLE (Line Drive, 6D, EV 94.4 MPH)
|
|
Batting: RHB Billy Verdusco
|
0-0: Ball 1-0: Ball 2-0: Called Strike 2-1: Ball Wild Pitch! Jose Evangelista to second 3-1: Foul Ball, location: 2F 3-2: Base on Balls
|
|
Batting: RHB Willie Ochoa
|
0-0: Fielders Choice at 2nd, 4-6 (Groundball, 4M, EV 83.1 MPH) Jose Evangelista to third
|
|
Batting: RHB Cory Wilkins
|
0-0: Called Strike 0-1: Ball 1-1: Swinging Strike 1-2: Ball 2-2: Ball Wild Pitch! Jose Evangelista scores Willie Ochoa to second 3-2: Foul Ball, location: 2F 3-2: Strikes out swinging
|
| Bottom of the 4th over - 2 runs, 2 hits, 0 errors, 1 left on base; Cleveland (APP) 0 - Detroit (APP) 19 |
| TOP OF THE 5TH |
|
Cleveland (APP) Indians batting - Pitching for Detroit (APP) Tigers : LHP Jim Belcher
|
|
Batting: LHB Heath Ryland
|
0-0: Fly out, F7 (Flyball, 7S, EV 88.1 MPH)
|
|
Batting: LHB Jose Esteban
|
0-0: Ball 1-0: Ball 2-0: Foul Ball, location: 2F 2-1: Foul Ball, location: 2F 2-2: Ball 3-2: DOUBLE (Groundball, 3L, EV 100.6 MPH)
|
|
Batting: SHB Mike Shields
|
0-0: Called Strike 0-1: Called Strike 0-2: Ball 1-2: Foul Ball, location: 2F 1-2: Strikes out swinging
|
|
Batting: RHB John Clark
|
0-0: Ball 1-0: Foul Ball, location: 2F 1-1: Ball 2-1: Ball 3-1: Fly out, F7 (Flyball, 7LS, EV 90.6 MPH)
|
| Top of the 5th over - 0 runs, 1 hit, 0 errors, 1 left on base; Cleveland (APP) 0 - Detroit (APP) 19 |
| BOTTOM OF THE 5TH |
|
Detroit (APP) Tigers batting - Pitching for Cleveland (APP) Indians : LHP Jordan Jimenez
|
|
Batting: RHB Jon Goldstein
|
0-0: Ball 1-0: Ball 2-0: Called Strike 2-1: Swinging Strike 2-2: Ball 3-2: Base on Balls
|
|
Batting: RHB Brandon O'Malley
|
0-0: 2-RUN HOME RUN (Flyball, 7D, EV 97.5 MPH), Distance : 378 ft
|
|
Batting: LHB Jon Pedlar
|
0-0: Fly out, F9 (Line Drive, 9, EV 100.0 MPH)
|
|
Batting: SHB Sean Foley
|
0-0: Ball 1-0: Swinging Strike 1-1: Ball 2-1: Ball 3-1: Called Strike 3-2: Foul Ball, location: 2F 3-2: Foul Ball, location: 2F 3-2: Base on Balls
|
|
Batting: LHB Tokugoro Adachi
|
0-0: DOUBLE (Line Drive, 7LM, EV 108.8 MPH) Sean Foley to third
|
|
Batting: RHB Jose Evangelista
|
0-0: Called Strike 0-1: Ball Passed Ball! Sean Foley scores Tokugoro Adachi to third 1-1: Ball 2-1: Ball Passed Ball! Tokugoro Adachi scores 3-1: Foul Ball, location: 2F 3-2: Base on Balls
|
|
Batting: RHB Billy Verdusco
|
0-0: Foul Ball, location: 2F 0-1: Fielders Choice at 2nd, 3-6 (Groundball, 34S, EV 80.6 MPH)
|
|
Batting: RHB Willie Ochoa
|
0-0: Called Strike 0-1: Fly out, F9 (Flyball, 89M, EV 93.1 MPH)
|
| Bottom of the 5th over - 4 runs, 2 hits, 0 errors, 1 left on base; Cleveland (APP) 0 - Detroit (APP) 23 |
| TOP OF THE 6TH |
|
Cleveland (APP) Indians batting - Pitching for Detroit (APP) Tigers : LHP Jim Belcher
|
|
Batting: RHB Carlos Manriquez
|
0-0: Called Strike 0-1: Ball 1-1: Ground out 4-3 (Groundball, 4S, EV 77.5 MPH)
|
|
Batting: RHB Juan Gallardo
|
0-0: Called Strike 0-1: Ball 1-1: Swinging Strike 1-2: Ball 2-2: Ground out U3 (Groundball, 34, EV 81.9 MPH)
|
|
Batting: RHB Luis Roman
|
0-0: Fly out, F9 (Flyball, 9D, EV 95.6 MPH)
|
| Top of the 6th over - 0 runs, 0 hits, 0 errors, 0 left on base; Cleveland (APP) 0 - Detroit (APP) 23 |
| BOTTOM OF THE 6TH |
|
Detroit (APP) Tigers batting - Pitching for Cleveland (APP) Indians : LHP Jordan Jimenez
|
|
Batting: RHB Cory Wilkins
|
0-0: Reached on error, E4 (Groundball, 4M, EV 101.3 MPH)
|
|
Batting: RHB Jon Goldstein
|
0-0: Called Strike 0-1: Ball 1-1: 2-RUN HOME RUN (Flyball, 7LD, EV 91.3 MPH), Distance : 335 ft
|
|
Batting: RHB Brandon O'Malley
|
0-0: Ball 1-0: Ball 2-0: Ball 3-0: Called Strike 3-1: Called Strike 3-2: Foul Ball, location: 2F 3-2: Foul Ball, location: 2F 3-2: Foul Ball, location: 2F 3-2: Base on Balls
|
|
Batting: LHB Jon Pedlar
|
0-0: Ball 1-0: Ball 2-0: Fielders Choice at 2nd, 5-4 (Groundball, 56, EV 85.6 MPH)
|
|
Batting: SHB Sean Foley
|
0-0: SINGLE (Groundball, 56D, EV 95.6 MPH) Jon Pedlar to second
|
|
Batting: LHB Tokugoro Adachi
|
0-0: Fielders Choice at 2nd, 5-4 (Groundball, 56S, EV 86.3 MPH) Jon Pedlar to third
|
|
Batting: RHB Jose Evangelista
|
0-0: Ball 1-0: Ball Passed Ball! Jon Pedlar scores Tokugoro Adachi to second 2-0: Ball Passed Ball! Tokugoro Adachi to third 3-0: Base on Balls
|
|
Batting: RHB Billy Verdusco
|
0-0: Ground out U3 (Groundball, 34, EV 88.8 MPH)
|
| Bottom of the 6th over - 3 runs, 2 hits, 1 error, 2 left on base; Cleveland (APP) 0 - Detroit (APP) 26 |
| TOP OF THE 7TH |
|
Cleveland (APP) Indians batting - Pitching for Detroit (APP) Tigers : LHP Jim Belcher
|
|
Batting: LHB Kenji Yokoyama
|
0-0: Ball 1-0: Swinging Strike 1-1: Swinging Strike 1-2: Strikes out swinging
|
|
Batting: RHB Joe Shade
|
0-0: Called Strike 0-1: Ball 1-1: Swinging Strike 1-2: Foul Ball, location: 2F 1-2: Ball 2-2: Ball 3-2: Fly out, F8 (Flyball, 8RS, EV 90.6 MPH)
|
|
Batting: LHB Heath Ryland
|
0-0: Swinging Strike 0-1: SINGLE (Groundball, 6MD, EV 99.4 MPH)
|
|
Batting: LHB Jose Esteban
|
0-0: Called Strike 0-1: Reached on error, E3 (Groundball, 34, EV 89.4 MPH) Heath Ryland to second
|
|
Batting: SHB Mike Shields
|
0-0: Ball 1-0: Swinging Strike 1-1: Ball Passed Ball! Heath Ryland to third Jose Esteban to second 2-1: SINGLE (Groundball, 6, EV 106.9 MPH) Heath Ryland scores Jose Esteban to third Runner from 3rd tries for Home, SAFE, throw by LF to home Mike Shields to second
|
|
Pitching: RHP Jerome Stady
|
|
|
Batting: RHB John Clark
|
0-0: Called Strike 0-1: Ball 1-1: Swinging Strike 1-2: Strikes out looking
|
| Top of the 7th over - 2 runs, 2 hits, 1 error, 1 left on base; Cleveland (APP) 2 - Detroit (APP) 26 |
| BOTTOM OF THE 7TH |
|
Detroit (APP) Tigers batting - Pitching for Cleveland (APP) Indians : LHP Jordan Jimenez
|
|
Batting: RHB Willie Ochoa
|
0-0: Ball 1-0: Ball 2-0: Ball 3-0: Base on Balls
|
|
Batting: RHB Cory Wilkins
|
0-0: Called Strike 0-1: Ball 1-1: Fielders Choice at 2nd, 3-6 (Groundball, 34S, EV 83.1 MPH)
|
|
Batting: RHB Jon Goldstein
|
0-0: Swinging Strike 0-1: Swinging Strike 0-2: Foul Ball, location: 2F 0-2: Foul Ball, location: 2F 0-2: Foul Ball, location: 2F 0-2: Ball 1-2: Strikes out swinging
|
|
Batting: RHB Brandon O'Malley
|
0-0: Swinging Strike 0-1: Ball 1-1: Foul Ball, location: 2F 1-2: Strikes out looking
|
| Bottom of the 7th over - 0 runs, 0 hits, 0 errors, 1 left on base; Cleveland (APP) 2 - Detroit (APP) 26 |
| TOP OF THE 8TH |
|
Cleveland (APP) Indians batting - Pitching for Detroit (APP) Tigers : RHP Jerome Stady
|
|
Batting: RHB Carlos Manriquez
|
0-0: Ball 1-0: Ball 2-0: Ball 3-0: Called Strike 3-1: Base on Balls
|
|
Batting: RHB Juan Gallardo
|
0-0: Ball 1-0: Grounds into double play, 3-6-3 (Groundball, 3, EV 100.6 MPH)
|
|
Batting: RHB Luis Roman
|
0-0: Ball 1-0: Foul Ball, location: 2F 1-1: Fly out, F7 (Flyball, 7, EV 88.1 MPH)
|
| Top of the 8th over - 0 runs, 0 hits, 0 errors, 0 left on base; Cleveland (APP) 2 - Detroit (APP) 26 |
| BOTTOM OF THE 8TH |
|
Detroit (APP) Tigers batting - Pitching for Cleveland (APP) Indians : LHP Jordan Jimenez
|
|
Batting: LHB Jon Pedlar
|
0-0: Called Strike 0-1: Fly out, F7 (Line Drive, 7, EV 105.0 MPH)
|
|
Batting: SHB Sean Foley
|
0-0: Reached on error, E6 (Groundball, 6, EV 83.8 MPH)
|
|
Batting: LHB Tokugoro Adachi
|
0-0: SINGLE (Groundball, 56, EV 94.4 MPH) Sean Foley to second
|
|
Batting: RHB Jose Evangelista
|
0-0: Fielders Choice at 2nd, 4-6 (Groundball, 4, EV 85.0 MPH) Sean Foley to third
|
|
Batting: RHB Billy Verdusco
|
0-0: Ball 1-0: Ground out 5-3 (Groundball, 56S, EV 90.6 MPH)
|
| Bottom of the 8th over - 0 runs, 1 hit, 1 error, 2 left on base; Cleveland (APP) 2 - Detroit (APP) 26 |
| TOP OF THE 9TH |
|
Cleveland (APP) Indians batting - Pitching for Detroit (APP) Tigers : RHP Jerome Stady
|
|
Batting: LHB Kenji Yokoyama
|
0-0: Ball 1-0: Foul Ball, location: 2F 1-1: Swinging Strike 1-2: Strikes out swinging
|
|
Batting: RHB Joe Shade
|
0-0: Ball 1-0: Ball 2-0: Called Strike 2-1: Foul Ball, location: 2F 2-2: Strikes out looking
|
|
Batting: LHB Heath Ryland
|
0-0: Hit by Pitch
|
|
Batting: LHB Jose Esteban
|
0-0: Called Strike 0-1: Ball 1-1: Called Strike 1-2: Foul Ball, location: 2F 1-2: Foul Ball, location: 2F 1-2: Strikes out swinging
|
| Top of the 9th over - 0 runs, 0 hits, 0 errors, 1 left on base; Cleveland (APP) 2 - Detroit (APP) 26 |
|